 Dungeon Crawl Stone Soup version 0.24.0-123-gd5b16e6ec5 (webtiles) character file.

Game seed: 43606491069296633, levelgen mode: deterministic

493 Amplified the Covert (level 7, -1/56 HPs)
             Began as a Gnoll Assassin on Feb 5, 2020.
             Was a Follower of Yredelemnul.
             Slain by a hound (4 damage)
             ... on level 5 of the Dungeon.
             The game lasted 00:04:57 (4326 turns).

Amplified the Covert (Gnoll Assassin)               Turns: 4326, Time: 00:04:57

Health: -1/56      AC:  4    Str: 14 (15) XL:     7   Next: 15%
Magic:  11/11      EV: 14    Int: 14      God:    Yredelemnul [*.....]
Gold:   296        SH:  0    Dex: 16      Spells: 10/10 levels left

rFire    . . .     SeeInvis +   t - +0 war axe of Diet Blood {vamp, *Rage rElec rN+ SInv} (curse)
rCold    . . .     Gourm    .   (no shield)
rNeg     + . .     Faith    .   b - +0 robe
rPois    .         Spirit   .   (helmet restricted)
rElec    +         Reflect  .   c - +0 cloak
rCorr    .         Harm     .   s - +0 pair of gloves
MR       ++...     Rnd*Rage +   (no boots)
Stlth    ++++......             (no amulet)
HPRegen  0.18/turn              (no ring)
MPRegen  0.12/turn              j - ring of protection from magic

@: berserk cooldown, slowed, very slow
A: distributed training, antennae 1, fangs 1, blurry vision 1, high mp 1, magic
resistance 1, strong nose
a: Animate Remains, Renounce Religion


You were on level 5 of the Dungeon.
You worshipped Yredelemnul.
Yredelemnul was aware of your devotion.
You were not hungry.

You visited 1 branch of the dungeon, and saw 5 of its levels.

You collected 296 gold pieces.

Inventory:

Hand Weapons
 a - a +2 dagger
 h - a +1 dagger of freezing
 t - the cursed +0 war axe of Diet Blood (weapon) {vamp, *Rage rElec rN+ SInv}
   (You found it on level 4 of the Dungeon)

   It inflicts no extra harm, but heals its wielder when it wounds a living foe.
   It insulates you from electricity.
   It protects you from negative energy.
   It lets you see invisible.
   It may make you go berserk in combat.
   It has a curse placed upon it.
Missiles
 d - 26 poisoned darts (quivered)
Armour
 b - a +0 robe (worn)
 c - a +0 cloak (worn)
 o - a +0 helmet
 s - a +0 pair of gloves (worn)
Jewellery
 j - a ring of protection from magic (right hand)
 l - an uncursed ring of fire
 p - an uncursed amulet of the acrobat {unknown}
Wands
 r - a wand of enslavement (7)
 u - a wand of iceblast (9)
Scrolls
 g - 4 scrolls of remove curse
 i - a scroll of fear
 k - a scroll of magic mapping {unknown}
 m - a scroll of enchant armour {unknown}
 n - 4 scrolls of identify
 q - a scroll of blinking {unknown}
 v - a scroll of random uselessness {unknown}
 y - a scroll of enchant weapon {unknown}
Potions
 z - a potion of flight
Comestibles
 f - 7 rations


   Skills:
 + Level 5.1 Fighting
 + Level 5.1 Short Blades
 + Level 2.2 Long Blades
 + Level 2.2 Axes
 + Level 2.2 Maces & Flails
 + Level 2.2 Polearms
 + Level 2.2 Staves
 + Level 2.2 Slings
 + Level 2.2 Bows
 + Level 2.2 Crossbows
 + Level 5.1 Throwing
 + Level 2.2 Armour
 + Level 3.4 Dodging
 + Level 8.1 Stealth
 + Level 2.2 Shields
 + Level 2.2 Unarmed Combat
 + Level 2.2 Spellcasting
 + Level 1.8 Conjurations
 + Level 1.8 Hexes
 + Level 1.8 Charms
 + Level 1.8 Summonings
 + Level 1.8 Necromancy
 + Level 1.8 Translocations
 + Level 1.8 Transmutations
 + Level 1.8 Fire Magic
 + Level 1.8 Ice Magic
 + Level 1.8 Air Magic
 + Level 1.8 Earth Magic
 + Level 1.8 Poison Magic
 + Level 2.5 Invocations
 + Level 2.2 Evocations


You had 10 spell levels left.
You didn't know any spells.
Your spell library was empty.

Dungeon Overview and Level Annotations

Branches:
Dungeon (5/15)
 Temple: D:4-7

Altars:
Makhleb
Yredelemnul


Innate Abilities, Weirdness & Mutations

Your experience applies equally to all skills.
You have very sharp teeth.
Your uncanny sense of smell can sniff out nearby items.
You have a pair of small antennae on your head.
Scrolls take you a little longer to read.
You have an increased reservoir of magic. (+10% MP)
You are resistant to hostile enchantments. (MR+)


Message History

You closely miss the howler monkey.
The howler monkey is severely wounded.
You closely miss the hound. The hound barely misses you.
The howler monkey barely misses you. The hound bites you.
The howler monkey barely misses you. The hound bites you.
The howler monkey hits you!
* * * LOW HITPOINT WARNING * * *
The hound closely misses you.
Okay, then.
Really read with blurry vision while enemies are nearby?
Okay, then.
Unknown command.
Really read with blurry vision while enemies are nearby?
The hound closely misses you.
You begin reading the scroll.
You continue reading the scroll.
The howler monkey hits you!
* * * LOW HITPOINT WARNING * * *
The hound bites you.
You die...
Your body rises from the dead as a mindless zombie.

###..?.......... #
#.............
.#####.............
.....#......†......
#................
##.#†............
#...............
###.............
#@h...........
#h).../.......#
...#.#.........
#......#........
.<...####.......
#....# ..(# #....
#.. #....


You could see a howler monkey and a hound.

Vanquished Creatures
  A howler monkey (D:4)
  A centaur skeleton (D:4)
  A gnoll shaman (D:4)
  2 orc priests
  Natasha (thrice) (D:4)
  Terence (D:3)
  7 gnolls (D:4)
  6 adders
  3 worms
  4 dart slugs
  2 leopard geckos
  9 orcs
  7 bats
  4 giant cockroaches
  2 gnoll zombies (D:3)
  8 goblins
  8 hobgoblins
  10 jackals
  12 kobolds
  2 quokkas
  A ball python (D:3)
  3 frilled lizards
  4 rats
101 creatures vanquished.

Notes
Turn   | Place    | Note
-------+----------+-------------------------------------------
     0 | D:1      | Amplified the Gnoll Assassin began the quest for the Orb.
     0 | D:1      | Reached XP level 1. HP: 20/20 MP: 1/1
   124 | D:1      | Reached XP level 2. HP: 26/26 MP: 2/2
   388 | D:1      | Reached XP level 3. HP: 31/31 MP: 3/3
   889 | D:2      | Reached skill level 1 in Invocations
   931 | D:2      | Reached skill level 1 in Long Blades
   931 | D:2      | Reached skill level 1 in Axes
   931 | D:2      | Reached skill level 1 in Maces & Flails
   931 | D:2      | Reached skill level 1 in Polearms
   931 | D:2      | Reached skill level 1 in Staves
   931 | D:2      | Reached skill level 1 in Slings
   931 | D:2      | Reached skill level 1 in Bows
   931 | D:2      | Reached skill level 1 in Crossbows
   931 | D:2      | Reached skill level 1 in Armour
   931 | D:2      | Reached skill level 1 in Shields
   931 | D:2      | Reached skill level 1 in Unarmed Combat
   931 | D:2      | Reached skill level 1 in Spellcasting
   931 | D:2      | Reached skill level 1 in Evocations
   931 | D:2      | Reached XP level 4. HP: 23/38 MP: 5/5
  1530 | D:2      | Reached skill level 1 in Conjurations
  1530 | D:2      | Reached skill level 1 in Hexes
  1530 | D:2      | Reached skill level 1 in Charms
  1530 | D:2      | Reached skill level 1 in Summonings
  1530 | D:2      | Reached skill level 1 in Necromancy
  1530 | D:2      | Reached skill level 1 in Translocations
  1530 | D:2      | Reached skill level 1 in Transmutations
  1530 | D:2      | Reached skill level 1 in Fire Magic
  1530 | D:2      | Reached skill level 1 in Ice Magic
  1530 | D:2      | Reached skill level 1 in Air Magic
  1530 | D:2      | Reached skill level 1 in Earth Magic
  1530 | D:2      | Reached skill level 1 in Poison Magic
  1747 | D:3      | Noticed Terence
  1759 | D:3      | Gained mutation: You have an increased reservoir of magic.
                  | (+10% MP) [potion of mutation]
  1759 | D:3      | Gained mutation: Scrolls take you a little longer to read.
                  | [potion of mutation]
  1759 | D:3      | Gained mutation: You are resistant to hostile enchantments.
                  | (MR+) [potion of mutation]
  1759 | D:3      | Gained mutation: You have a pair of small antennae on your
                  | head. [potion of mutation]
  1770 | D:3      | Killed Terence
  1770 | D:3      | Reached XP level 5. HP: 42/43 MP: 5/7
  2239 | D:3      | Found a basalt altar of Yredelemnul.
  2253 | D:3      | Became a worshipper of Yredelemnul the Dark
  3235 | D:4      | Reached skill level 8 in Stealth
  3239 | D:4      | Reached XP level 6. HP: 50/50 MP: 9/9
  3708 | D:4      | Got a dazzling war axe
  3709 | D:4      | Identified the cursed +0 war axe of Diet Blood {vamp, *Rage
                  | rElec rN+ SInv} (You found it on level 4 of the Dungeon)
  3739 | D:4      | Found a burning altar of Makhleb.
  3856 | D:4      | Reached skill level 5 in Fighting
  3856 | D:4      | Reached skill level 5 in Short Blades
  3856 | D:4      | Reached skill level 5 in Throwing
  4005 | D:4      | Noticed Natasha
  4009 | D:4      | Killed Natasha
  4013 | D:4      | Reached * piety under Yredelemnul
  4050 | D:4      | Noticed Natasha
  4059 | D:4      | Killed Natasha
  4093 | D:4      | Noticed Natasha
  4105 | D:4      | Killed Natasha
  4105 | D:4      | Reached XP level 7. HP: 36/56 MP: 11/11
  4293 | D:5      | Entered Level 5 of the Dungeon
  4326 | D:5      | Slain by a hound

Levels and vault maps discovered:
D:1:      dpeg_arrival_brainrot, layout_basic, minmay_misc_feat_x,
          roderic_nine_men_s_morris
D:2:      layout_loops_ring
D:3:      layout_basic, lemuel_zombie_altar_yredelemnul, kennysheep_nub,
          serial_bayou_lagoon_a, uniq_terence
D:4:      layout_loops_cross, first_ration, chequers_garden,
          kennysheep_pointless_box, bloody_makhleb, uniq_natasha
D:5:      layout_rooms, serial_park_tiny_2, lemuel_blue_sif_altar

Skill      XL: |  1  2  3  4  5  6 |
---------------+-------------------+-----
Invocations    | 1 2 |  2.5
Long Blades    | 1 2 |  2.2
Axes           | 1 2 |  2.2
Maces & Flails | 1 2 |  2.2
Polearms       | 1 2 |  2.2
Staves         | 1 2 |  2.2
Slings         | 1 2 |  2.2
Bows           | 1 2 |  2.2
Crossbows      | 1 2 |  2.2
Armour         | 1 2 |  2.2
Shields        | 1 2 |  2.2
Unarmed Combat | 1 2 |  2.2
Spellcasting   | 1 2 |  2.2
Evocations     | 1 2 |  2.2
Conjurations   | 1 |  1.8
Hexes          | 1 |  1.8
Charms         | 1 |  1.8
Summonings     | 1 |  1.8
Necromancy     | 1 |  1.8
Translocations | 1 |  1.8
Transmutations | 1 |  1.8
Fire Magic     | 1 |  1.8
Ice Magic      | 1 |  1.8
Air Magic      | 1 |  1.8
Earth Magic    | 1 |  1.8
Poison Magic   | 1 |  1.8
Dodging        | 3 |  3.4
Stealth        | 8 |  8.1
Fighting       | 5 |  5.1
Short Blades   | 5 |  5.1
Throwing       | 5 |  5.1

Action                   |  1- 3 |  4- 6 |  7- 9 || total
-------------------------+-------+-------+-------++-------
Melee: Dagger            |    82 |   225 |       ||   307
       Bite              |     7 |    30 |     4 ||    41
       War axe           |       |    43 |    16 ||    59
Throw: Dart              |       |     7 |     2 ||     9
Evoke: Wand              |       |     3 |       ||     3
  Use: Scroll            |     4 |     3 |       ||     7
       Potion            |     2 |     5 |     1 ||     8
 Stab: Sleeping          |    13 |    14 |     1 ||    28
       Invisible         |     2 |       |       ||     2
  Eat: Chunk             |       |    10 |     1 ||    11
Armor: Robe              |    16 |    48 |       ||    64
Dodge: Dodged            |    61 |   148 |    28 ||   237
